 Dungeon Crawl Stone Soup version 0.30-a0-377-g5cb311bc9f (webtiles) character file.

Game seed: 10835645241910862764

196 Ottie3000 the Chopper (level 5, -1/47 HPs)
             Began as a Minotaur Berserker on Nov 27, 2022.
             Was a Believer of Trog.
             Succumbed to Ijyb's poison
             ... while paralysed by Ijyb
             ... on level 4 of the Dungeon.
             The game lasted 00:24:34 (3181 turns).

Ottie3000 the Chopper (Minotaur Berserker)          Turns: 3181, Time: 00:24:34

Health: -1/47      AC:  9    Str: 23    XL:     5   Next: 45%
Magic:  4/4        EV:  2    Int:  4    God:    Trog [**....]
Gold:   192        SH:  0    Dex: 10    Spells: 4/4 levels left

rFire   . . .      SeeInvis .    v - +3 mace (drain)
rCold   . . .      Faith    .    (no shield)
rNeg    . . .      Spirit   .    n - +0 chain mail
rPois   .          Reflect  +    (helmet restricted)
rElec   .          Harm     .    (no cloak)
rCorr   .          Rampage  .    (no gloves)
Will    .....                    (no boots)
Stlth   ..........               s - amulet of reflection
HPRegen 0.27/turn                (no ring)
MPRegen 0.09/turn                (no ring)

@: paralysed, lethally poisoned (-1 -> -19)
A: horns 2, retaliatory headbutt
a: Renounce Religion, Berserk, Trog's Hand


You were on level 4 of the Dungeon.
You worshipped Trog.
Trog was pleased with you.
You visited 1 branch of the dungeon, and saw 4 of its levels.

You collected 192 gold pieces.

Inventory:

Hand Weapons
 a - a +0 hand axe
 m - a +0 war axe
 v - a +3 mace of draining (weapon)
Missiles
 d - 9 poisoned darts
 q - 6 boomerangs
Armour
 b - a +0 animal skin
 h - a +0 ring mail
 k - a +3 leather armour
 n - a +0 chain mail (worn)
Jewellery
 s - an amulet of reflection (around neck)
Wands
 w - a wand of iceblast (12) (quivered)
Scrolls
 f - 2 scrolls of noise
 g - 6 scrolls of identify
 i - 2 scrolls of poison
 x - a scroll of enchant weapon
Potions
 c - a potion of curing
 e - a potion of heal wounds {unknown}
 j - a potion of mutation {unknown}
 l - a potion of berserk rage {unknown}
 o - a potion of haste {unknown}
 p - a potion of magic {unknown}
 r - a potion of flight {unknown}
 t - 2 potions of might {unknown}
 u - a potion of brilliance {unknown}


   Skills:
 + Level 4.7 Fighting
 + Level 5.8 Axes
 + Level 1.0(3.7) Maces & Flails
 + Level 3.5 Armour
 + Level 2.8 Dodging
 + Level 0.2 Shields


You had 4 spell levels left.
You didn't know any spells.
Your spell library contained the following spells:

 Spells                   Type           Power      Damage    Failure   Level
 Apportation              Tloc           0%         N/A       99%         1
 Necrotise                Necr           0%         1d4       99%         1
 Summon Small Mammal      Summ           0%         N/A       99%         1
 Ozocubu's Armour         Ice            0%         N/A       100%        3
 Metabolic Englaciation   Hex/Ice        0%         N/A       100%        5
 Simulacrum               Ice/Necr       0%         N/A       100%        6


Dungeon Overview and Level Annotations

Branches:
Dungeon (4/15)
 Temple: D:4-7

Altars:

Shops:
D:4 (

Annotations:
D:4 Blork the orc, Ijyb


Innate Abilities, Weirdness & Mutations

You have a pair of horns on your head.
You reflexively headbutt those who attack you in melee.


Message History

You kill the hobgoblin!
Trog accepts your kill. The orc hits you but does no damage.
You sock the orc!
You kill the orc!
Trog accepts your kill.
Ijyb hits you with a +0 dagger of venom.
You are poisoned.
The orc hits you but does no damage.
You sock the orc!
You kill the orc!
Trog accepts your kill.
You feel sick. Ijyb hits you but does no damage.
You are more poisoned.
Ijyb zaps a wand.
You suddenly lose the ability to move!
The orc barely misses you.
Blork the orc hits you with a +0 broad axe!
You feel very sick.
Ijyb hits you with a +0 dagger of venom.
You are more poisoned.
The orc hits you from afar with a +0 trident.
Blork the orc gestures wildly while chanting.
Blork the orc seems to speed up.
You feel very sick.
Blork the orc hits you with a +0 broad axe.
Ijyb hits you but does no damage.
You are lethally poisoned!
The orc hits you from afar with a +0 trident.
The orc hits you with a +0 mace.
* * * LOW HITPOINT WARNING * * *
You feel very sick.
Blork the orc hits you but does no damage.
Ijyb hits you but does no damage.
Blork the orc hits you with a +0 broad axe.
* * * LOW HITPOINT WARNING * * *
The orc hits you from afar with a +0 trident.
* * * LOW HITPOINT WARNING * * *
The orc hits you with a +0 mace.
* * * LOW HITPOINT WARNING * * *
You die...

# .........# ..... #
...#.#.. #...# # #
....... #...# ##
#.#.....# #...# #.
........# #...# #.
#.#..#..#######...#####.
#....o†)##..............
#o@................
#.....go##..............
.....##..#######...#####.
.##. ....# #...# ## #
###.## #...# # #.# #...#
#.# #...# #.# ##..# ##.#


You could see Blork the orc (fast), Ijyb and 2 orcs.

Vanquished Creatures
  A scorpion (D:4)
  4 gnolls (D:2)
  5 adders
  2 worms
  2 dart slugs
  2 orcs (D:4)
  6 ball pythons
  An endoplasm (D:1)
  3 goblins
  6 hobgoblins
  5 kobolds
  A quokka (D:3)
  2 bats
  6 rats
46 creatures vanquished.

Vanquished Creatures (others)
  2 fungi (D:3)
2 creatures vanquished.

Grand Total: 48 creatures vanquished

Notes
Turn   | Place    | Note
-------+----------+-------------------------------------------
     0 | D:1      | Ottie3000 the Minotaur Berserker began the quest for the
                  | Orb.
     0 | D:1      | Reached XP level 1. HP: 19/19 MP: 0/0
   324 | D:1      | Reached XP level 2. HP: 27/27 MP: 1/1
   344 | D:1      | Reached skill level 4 in Axes
  1456 | D:2      | Reached XP level 3. HP: 33/33 MP: 2/2
  1794 | D:3      | Reached ** piety under Trog
  1795 | D:3      | Reached XP level 4. HP: 32/41 MP: 3/3
  1938 | D:3      | Reached skill level 5 in Axes
  2118 | D:3      | Found a faded altar of an unknown god.
  2617 | D:4      | Noticed a scorpion
  2622 | D:4      | Killed a scorpion
  2623 | D:4      | Reached XP level 5. HP: 47/47 MP: 4/4
  2896 | D:4      | Reached skill level 1 in Maces & Flails
  3072 | D:4      | Found Kisol's Antique Weapon Shoppe.
  3168 | D:4      | Noticed Blork the orc
  3170 | D:4      | Noticed Ijyb
  3177 | D:4      | Paralysed by Ijyb for 5 turns
  3181 | D:4      | Succumbed to Ijyb's poison

Illustrated notes

Levels and vault maps discovered:
D:1:      eino_arrival_cavern_a, layout_rooms
D:2:      layout_rooms, minivault_27
D:3:      layout_loops_cross, shapermc_ecumenical_altar_rom_forum
D:4:      layout_loops_cross, serial_shops, kennysheep_mini_moat,
          chequers_serial_rivers_room_a, uniq_eustachio, uniq_blork_the_orc,
          uniq_ijyb

Skill      XL: |  1  2  3  4  5 |
---------------+----------------+-----
Axes           | 4 5 |  5.8
Fighting       | 4 |  4.7
Armour         | 3 |  3.5
Maces & Flails | 1 |  1.0
Dodging        | |  2.8
Shields        | |  0.2

Action                   |  1- 3 |  4- 6 || total
-------------------------+-------+-------++-------
Melee: Hand axe          |    26 |       ||    26
       War axe           |    28 |    22 ||    50
       Headbutt          |     8 |     8 ||    16
       Mace              |       |    41 ||    41
       Punch             |       |     1 ||     1
  Use: Scroll            |     1 |     6 ||     7
Armor: Animal skin       |     1 |       ||     1
       Leather armour    |     7 |       ||     7
       Chain mail        |    12 |    40 ||    52
Dodge: Dodged            |    30 |    29 ||    59
Block: Other             |     3 |    20 ||    23
       Reflection        |       |     2 ||     2

Table legend: (Time is in decaauts)
 A = Elapsed time spent in this place.
 B = Non-inter-level travel time spent in this place.
 C = Inter-level travel time spent in this place.
 D = Time resting spent in this place.
 E = Time spent auto-exploring this place.
 F = Levels seen in this place.
 G = Mean time per level.
                   A        B        C        D        E       F      G
               +--------+--------+--------+--------+--------+-----+--------+
         Total |   3206 |   3195 |     11 |    278 |      0 |   4 |  801.5 |
       Dungeon |   3206 |   3195 |     11 |    278 |      0 |   4 |  801.5 |
               +--------+--------+--------+--------+--------+-----+--------+

Top non-repeatable levels by time:
     D:3: 1081 daAuts
     D:2: 849 daAuts
     D:1: 833 daAuts
     D:4: 441 daAuts
